Match 39672473
Unlisted

Match 39672473
End
Construct Infanterie Kompanie
MG 42 Machine Gun Team
Grenadier Squad
Selects Mechanized Battlegroup
MG 42 Machine Gun Team
Grenadier Squad
Medical Bunker
Construct Luftwaffe Kompanie
221 Scout Car
Luftwaffe Officer Quarters
Selects Mobile Repair Stations
Selects Raid Package
Jäger Squad
。。。
xyz毑輒
n0s1ght
thecrazycowboygeneral
TidaL
LittleBear
0
0

Comments sign in to comment!

No comments posted yet!